 Dungeon Crawl Stone Soup version 0.20-a0-823-gdec668e (webtiles) character file.

116 Klosterheim the Slasher (level 4, -1/39 HPs)
             Began as a Minotaur Monk on Mar 5, 2017.
             Slain by a leopard gecko (3 damage)
             ... on level 4 of the Dungeon.
             The game lasted 00:02:35 (2041 turns).

Klosterheim the Slasher (Minotaur Monk)             Turns: 2041, Time: 00:02:35

Health: -1/39      AC:  2    Str: 17    XL:     4   Next: 69%
Magic:  3/3        EV: 13    Int:  7    God:
Gold:   75         SH:  0    Dex: 12    Spells: 3/3 levels left

rFire    . . .     SeeInvis .   a - +0 falchion
rCold    . . .     Gourm    .   b - +0 robe
rNeg     . . .     Faith    .   (no shield)
rPois    .         Spirit   .   (helmet restricted)
rElec    .         Reflect  .   (no cloak)
rCorr    .         Harm     .   (no gloves)
MR       .....                  (no boots)
Stlth    ++........             (no amulet)
Regen    0.2/turn               (no ring)
MPRegen  0.1/turn               (no ring)

@: no status effects
A: retaliatory headbutt, horns 2
a: no special abilities


You were on level 4 of the Dungeon.
You were hungry.

You visited 1 branch of the dungeon, and saw 4 of its levels.

You collected 75 gold pieces.

Inventory:

Hand Weapons
 a - a +0 falchion (weapon)
Armour
 b - a +0 robe (worn)
Scrolls
 d - 4 scrolls of identify
 k - a scroll of remove curse
Potions
 f - 2 potions of mutation {unknown}
 g - 2 potions of curing
 h - a potion of degeneration {unknown}
 l - 2 potions of cancellation {unknown}
Comestibles
 c - 2 bread rations
 j - a meat ration


   Skills:
 - Level 3.6 Fighting
 * Level 6.6 Long Blades
 - Level 3.2 Dodging
 - Level 1.5 Stealth


You had 3 spell levels left.
You didn't know any spells.

Dungeon Overview and Level Annotations

Branches:
Dungeon (4/15)
 Temple: D:4-7

Altars:
Gozag
Trog


Innate Abilities, Weirdness & Mutations

You reflexively headbutt those who attack you in melee.
You have a pair of horns on your head.


Message History

The leopard gecko bites you.
* * * LOW HITPOINT WARNING * * *
Things that are here:
a club; a ring mail; a hobgoblin corpse The leopard gecko bites you.
* * * LOW HITPOINT WARNING * * *
Found a scroll of identify.
Found a bloodstained altar of Trog and an opulent altar of Gozag.
Found an escape hatch in the floor.
You barely miss the leopard gecko.
The leopard gecko is lightly wounded.
The leopard gecko bites you but does no damage.
You closely miss the leopard gecko.
The leopard gecko is lightly wounded.
The leopard gecko bites you.
* * * LOW HITPOINT WARNING * * *
You barely miss the leopard gecko.
The leopard gecko is lightly wounded.
The leopard gecko bites you.
You die...

## .<# #..#
. #..# ..
..# >..
#.### ..?.
#.>## .....
#)l#......
##@.......
#........
.........
..........
...........
###.........
##........
#..._..._


You could see a leopard gecko.

Vanquished Creatures
  Jessica (D:2)
  3 adders (D:2)
  A worm (D:2)
  A dart slug (D:2)
  5 leopard geckos
  3 giant cockroaches
  5 goblins
  5 hobgoblins
  10 jackals
  A quokka (D:2)
  A bat (D:2)
  5 frilled lizards
  5 kobolds
  6 rats
52 creatures vanquished.

Notes
Turn   | Place    | Note
-------+----------+-------------------------------------------
     0 | D:1      | Klosterheim the Minotaur Monk began the quest for the Orb.
     0 | D:1      | Reached XP level 1. HP: 19/19 MP: 0/0
    88 | D:1      | Reached skill level 4 in Long Blades
   282 | D:1      | Reached XP level 2. HP: 26/26 MP: 1/1
   625 | D:2      | Noticed Jessica
   629 | D:2      | Killed Jessica
   629 | D:2      | Reached skill level 5 in Long Blades
   629 | D:2      | Reached XP level 3. HP: 27/31 MP: 2/2
  1312 | D:2      | Reached skill level 6 in Long Blades
  1312 | D:2      | Reached XP level 4. HP: 34/39 MP: 3/3
  2024 | D:3      | Noticed an ice beast
  2038 | D:4      | Found a bloodstained altar of Trog.
  2038 | D:4      | Found an opulent altar of Gozag.
  2040 | D:4      | HP: 1/39 [leopard gecko (4)]
  2041 | D:4      | Slain by a leopard gecko

Vault maps used:
D:1:      lightli_arrival_farm
D:2:      first_bread, minivault_25, st_stairs_13, uniq_jessica
D:3:      portal_sewer_entry_f, kennysheep_small_spiral, uniq_natasha
D:4:      vehumet_altar_wand_db, overflow_temple_1_default,
          grunt_temple_overflow_open, kennysheep_generic_room_10

Skill      XL: |  1  2  3 |
---------------+----------+-----
Long Blades    | 4 5 6 |  6.6
Fighting       | |  3.6
Dodging        | |  3.2
Stealth        | |  1.5

Action                   |  1- 3 |  4- 6 || total
-------------------------+-------+-------++-------
Melee: Falchion          |    48 |    41 ||    89
       Headbutt          |     9 |     7 ||    16
  Use: Scroll            |       |     4 ||     4
 Stab: Sleeping          |     2 |     1 ||     3
       Distracted        |     1 |     1 ||     2
  Eat: Chunk             |     1 |     2 ||     3
Armor: Robe              |     4 |     5 ||     9
Dodge: Dodged            |    38 |    32 ||    70
       Rpst.: Falchion   |     5 |    12 ||    17
